 Dungeon Crawl Stone Soup version 0.32-a0-960-g3814254bd7 (webtiles) character file.

Game seed: 4566944595645635465

1934 trashops the Cleaver (level 8, -2/65 (71) HPs)
             Began as a Mountain Dwarf Fighter on Apr 17, 2024.
             Was an Initiate of Okawaru.
             Slain by a wight
             ... wielding a +2 morningstar of freezing
              (7 damage)
             ... on level 7 of the Dungeon.
             The game lasted 00:08:47 (5912 turns).

trashops the Cleaver (Mountain Dwarf Fighter)       Turns: 5912, Time: 00:08:47

HP:   -2/65 (71)    AC: 10    Str: 20    XL:     8   Next: 97%
MP:   0/8           EV:  8    Int: 10    God:    Okawaru [......]
Gold: 307           SH:  4    Dex:  9    Spells: 7/7 levels left

rFire   . . .        a - +1 war axe
rCold   . . .        c - +0 buckler
rNeg    . . .        b - +0 scale mail
rPois   .            i - +0 helmet
rElec   .            (no cloak)
rCorr   .            g - +0 pair of gloves
SInv    .            (no boots)
Will    +....        f - amulet of guardian spirit Stlth
                     o - ring of willpower
HPRegen 0.30/turn    (no ring)
MPRegen 0.11/turn

%: guardian spirit
@: drained
A: runic magic, artefact enchanting
a: Renounce Religion


You were on level 7 of the Dungeon.
You worshipped Okawaru.
Okawaru was noncommittal.
You visited 2 branches of the dungeon, and saw 8 of its levels.

You collected 307 gold pieces.

Inventory:

Hand Weapons
 a - a +1 war axe (weapon)
Armour
 b - a +0 scale mail (worn)
 c - a +0 buckler (worn)
 g - a +0 pair of gloves (worn)
 i - a +0 helmet (worn)
Jewellery
 f - an amulet of guardian spirit (around neck)
 o - a ring of willpower (left hand)
Scrolls
 d - 2 scrolls of noise
 h - 2 scrolls of enchant weapon
 j - 2 scrolls of vulnerability {unknown}
 l - a scroll of revelation {unknown}
 n - a scroll of identify
 p - a scroll of teleportation
 q - a scroll of blinking {unknown}
 r - a scroll of immolation
Potions
 k - 2 potions of brilliance


   Skills:
 * Level 6.6 Fighting
 * Level 10.0 Axes
 * Level 6.8 Armour
 - Level 1.0 Dodging
 + Level 4.6 Shields


You had 7 spell levels left.
You didn't know any spells.
Your spell library contained the following spells:

 Spells                   Type           Power      Damage    Failure   Level
 Volatile Blastmotes      Fire/Tloc      0%         2d10      87%         3
 Fulminant Prism          Conj/Alch      0%         3d5       99%         4
 Iskenderun's Mystic Bla Conj/Tloc 0%             2d3        (+2d1     99%         4


Dungeon Overview and Level Annotations

Branches:
Dungeon (7/15)             Temple (1/1) D:6

Altars:
Ashenzari
Dithmenos
Elyvilon
Fedhas
Gozag
Kikubaaqudgha
Makhleb
Nemelex Xobeh
Okawaru
Qazlal
Ru
Sif Muna
Trog
Uskayaw
Vehumet
Wu Jian
Xom
Yredelemnul
Zin
The Shining One

Shops:
D:5 :


Innate Abilities, Weirdness & Mutations

Your spellcasting is much less encumbered by armour.
You can use scrolls of enchantment on lesser artefacts.


Message History

Done exploring.
Done exploring.
There is a stone staircase leading down here.
You climb downwards.
Found a stone staircase leading up.
There is a stone staircase leading up here.
You barely miss the wight. You hit the wight.
The wight hits you with a +5 war axe!
You feel drained. The wight hits you with a +5 hand axe!
You feel drained.
You slash the wight!
The wight is heavily damaged.
You slash the wight! The wight hits you with a +5 war axe!
You feel drained. The wight hits you with a +5 hand axe.
You slash the wight!
You destroy the wight!
Okawaru accepts your kill.
You closely miss the wight. x2; The wight closely misses you.
You block the wight's attack.
Your Axes skill increases to level 10!
The wight attacks as it pursues you! The wight closely misses you.
Things that are here:
a +5 hand axe; a +0 robe You barely miss the wight.
The wight is severely damaged.
You closely miss the wight.
The wight is severely damaged.
The wight closely misses you.
The wight hits you with a +2 morningstar of freezing!
The wight freezes you. The wight closely misses you. x2
There is a stone staircase leading up, spattered with blood here.
You slash the wight!
The wight is severely damaged.
You barely miss the wight. You hit the wight.
The wight hits you with a +2 morningstar of freezing.
You feel drained. The wight freezes you. The wight hits you with a +5 war axe.
* * * LOW HITPOINT WARNING * * *
The wight hits you with a +0 halberd!
* * * LOW HITPOINT WARNING * * *
The wight hits you with a +2 morningstar of freezing!
You die...

. .. .. ..
#. .
#.######...#
#z@)...#
#.z#z.....#
#.#.#.##.###
#. ...<# # #
##.### #. #.
##


You could see 3 wights.

Vanquished Creatures
  Grinder (D:4)
  A steam dragon (D:6)
  3 black bears (D:5)
  2 ogres
  A phantom (D:6)
  A kobold brigand (D:6)
  2 bullfrogs (D:6)
  A wight (D:7)
  4 bombardier beetles
  A jelly (D:4)
  5 hounds
  2 gnoll boudas
  A sleepcap (D:6)
  2 orc wizards (D:3)
  3 iguanas
  13 gnolls
  8 adders
  A shadow imp (D:5)
  6 ufetubi (D:6)
  A ribbon worm (D:2)
  2 dart slugs
  10 orcs
  10 ball pythons
  5 bats
  7 endoplasms
  5 giant cockroaches
  8 goblins
  8 hobgoblins
  8 jackals
  7 kobolds
  2 quokkas
  2 frilled lizards (D:2)
  5 rats
138 creatures vanquished.

Notes
Turn   | Place    | Note
-------+----------+-------------------------------------------
     0 | D:1      | trashops the Mountain Dwarf Fighter began the quest for the
                  | Orb.
     0 | D:1      | Reached XP level 1. HP: 19/19 MP: 1/1
   228 | D:1      | Reached XP level 2. HP: 21/26 MP: 2/2
  1023 | D:2      | Reached XP level 3. HP: 31/31 MP: 3/3
  1128 | D:2      | Reached skill level 3 in Axes
  1202 | D:2      | Reached XP level 4. HP: 38/40 MP: 4/4
  1300 | D:2      | Identified the +8 plate armour of Ynimet {rN++ Will+++}
  1509 | D:2      | Found a basalt altar of Yredelemnul.
  1839 | D:3      | Noticed an ogre
  1847 | D:3      | Killed an ogre
  1848 | D:3      | Reached skill level 4 in Axes
  1848 | D:3      | Reached skill level 1 in Dodging
  1848 | D:3      | Reached XP level 5. HP: 12/46 MP: 1/5
  1975 | D:3      | Found a stormy altar of Qazlal.
  2064 | D:3      | Reached skill level 5 in Axes
  2249 | D:3      | Found a shimmering altar of Xom.
  2252 | D:3      | Found a glowing silver altar of Zin.
  2258 | D:3      | Found a blossoming altar of Fedhas.
  2261 | D:3      | Found a hide-covered altar of Uskayaw.
  2263 | D:3      | Found a shimmering blue altar of Sif Muna.
  2268 | D:3      | Found a broken altar of Ashenzari.
  2387 | D:3      | Reached XP level 6. HP: 47/52 MP: 6/6
  2786 | D:4      | Noticed Grinder
  2804 | D:4      | Paralysed by Grinder for 3 turns
  2813 | D:4      | Killed Grinder
  2814 | D:4      | Reached skill level 6 in Axes
  2814 | D:4      | Reached skill level 5 in Armour
  2814 | D:4      | Reached XP level 7. HP: 5/60 MP: 1/7
  4057 | D:4      | Reached skill level 7 in Axes
  4140 | D:5      | Entered Level 5 of the Dungeon
  4175 | D:5      | Reached skill level 5 in Fighting
  4501 | D:5      | Reached XP level 8. HP: 47/69 MP: 2/8
  4508 | D:5      | Found Dovuwacey's Vocational Training.
  4617 | D:5      | Reached skill level 8 in Axes
  5082 | D:6      | Reached skill level 9 in Axes
  5088 | D:6      | Found a staircase to the Ecumenical Temple.
  5095 | Temple   | Entered the Ecumenical Temple
  5109 | Temple   | Became a worshipper of Warmaster Okawaru
  5446 | D:6      | HP: 2/71 [ufetubus (2)]
  5908 | D:7      | Reached skill level 10 in Axes
  5912 | D:7      | Slain by a wight

Illustrated notes

Levels and vault maps discovered:
D:1:      lemuel_arrival_broad_hall, layout_basic
D:2:      layout_loops_cross, basic_altar
D:3:      layout_rooms, nicolae_overflow_hallway_of_the_gods,
          nicolae_qazlal_scattered_showers
D:4:      layout_basic, uniq_grinder
D:5:      layout_loops_cross, nicolae_shop_vocational
D:6:      layout_rooms, minmay_temple_entry_steel_oval, serial_bayou_pond_e
D:7:      layout_loops_cross, worldfamousw_hep_ancestral_shrine
Temple:   nicolae_temple_figure_eight

Skill      XL: |  1  2  3  4  5  6  7  8 |
---------------+-------------------------+-----
Axes           | 3 4 5 6 7 10 | 10.0
Armour         | 4 5 6 |  6.8
Fighting       | 4 5 6 |  6.6
Dodging        | 1 |  1.0
Shields        | 4 |  4.6

Action                     |  1- 3 |  4- 6 |  7- 9 || total
---------------------------+-------+-------+-------++-------
  Melee: War axe           |    99 |   141 |   221 ||   461
    Use: Scroll            |     2 |     5 |     3 ||    10
         Potion            |     1 |     1 |     4 ||     6
 Armour: Scale mail        |   114 |   119 |   227 ||   460
  Dodge: Dodged            |    36 |    57 |   142 ||   235
  Block: Buckler           |    22 |    31 |    59 ||   112

Table legend: (Time is in decaauts)
 A = Elapsed time spent in this place.
 B = Non-inter-level travel time spent in this place.
 C = Inter-level travel time spent in this place.
 D = Time resting spent in this place.
 E = Time spent auto-exploring this place.
 F = Levels seen in this place.
 G = Mean time per level.
                   A        B        C        D        E       F      G
               +--------+--------+--------+--------+--------+-----+--------+
         Total |   6023 |   5857 |    166 |   1273 |   3358 |   8 |  752.9 |
       Dungeon |   5996 |   5841 |    155 |   1273 |   3358 |   7 |  856.6 |
        Temple |     26 |     15 |     11 |      0 |      0 |   1 |   26.0 |
               +--------+--------+--------+--------+--------+-----+--------+

Top non-repeatable levels by time:
     D:4: 1328 daAuts
     D:3: 1199 daAuts
     D:5: 1067 daAuts
     D:1: 959 daAuts
     D:2: 749 daAuts
     D:6: 685 daAuts
  Temple: 26 daAuts
     D:7: 7 daAuts
